 Dungeon Crawl Stone Soup version 0.29.1-15-g9cfb28693d (webtiles) character file.

Game seed: 15333830677766857841

144 nightchill the Chopper (level 5, 0/47 HPs)
             Began as a Minotaur Fighter on Mar 6, 2023.
             Slain by Sigmund
             ... wielding a +0 scythe
              (4 damage)
             ... on level 3 of the Dungeon.
             The game lasted 00:03:10 (1998 turns).

nightchill the Chopper (Minotaur Fighter)           Turns: 1998, Time: 00:03:11

Health: 0/47       AC:  8    Str: 22    XL:     5   Next: 5%
Magic:  4/4        EV:  9    Int:  5    God:
Gold:   178        SH:  4    Dex: 10    Spells: 4/4 levels left

rFire   . . .      SeeInvis .   a - +0 war axe
rCold   . . .      Faith    .   c - +0 buckler
rNeg    . . .      Spirit   .   b - +0 scale mail
rPois   .          Reflect  .   (helmet restricted)
rElec   .          Harm     .   j - +0 cloak
rCorr   .          Rampage  .   (no gloves)
Will    .....                   (no boots)
Stlth   ..........              (no amulet)
HPRegen 0.15/turn               (no ring)
MPRegen 0.09/turn               (no ring)

@: mighty
A: horns 2, retaliatory headbutt
a: no special abilities


You were on level 3 of the Dungeon.
You visited 1 branch of the dungeon, and saw 3 of its levels.

You collected 178 gold pieces.

Inventory:

Hand Weapons
 a - a +0 war axe (weapon)
 p - a +2 vampiric whip
Armour
 b - a +0 scale mail (worn)
 c - a +0 buckler (worn)
 j - a +0 cloak (worn)
Scrolls
 e - 3 scrolls of teleportation {unknown}
 f - a scroll of poison {unknown}
 i - 2 scrolls of fear {unknown}
 k - 3 scrolls of identify {unknown}
 o - a scroll of vulnerability {unknown}
Potions
 g - a potion of brilliance
 h - 2 potions of heal wounds {unknown}
 l - a potion of haste {unknown}
 m - 2 potions of curing
 n - 2 potions of magic {unknown}


   Skills:
 + Level 4.9 Fighting
 * Level 5.4 Axes
 - Level 3.6 Armour
 - Level 3.6 Shields


You had 4 spell levels left.
You didn't know any spells.
Your spell library was empty.

Dungeon Overview and Level Annotations

Branches:
Dungeon (3/15)

Altars:

Shops:
D:1 =

Annotations:
D:3 Sigmund


Innate Abilities, Weirdness & Mutations

You have a pair of horns on your head.
You reflexively headbutt those who attack you in melee.


Message History

Sigmund flickers and vanishes!
Deactivating autopickup; reactivate with Ctrl-A.
No target in view!
No target in view!
No target in view!
You barely miss something. Something hits you but does no damage.
You miss something. Something hits you but does no damage.
You hit something. Your headbutt misses something.
The quokka twitches its whiskers.
Something hits you.
You barely miss something. Something hits you.
You barely miss something. You barely miss something. Something hits you.
You miss something. Something hits you.
You barely miss something. You headbutt something. Something hits you!
You miss something.
You hear some strange, mumbled words.
You are confused.
You feel very mighty all of a sudden. Something hits you but does no damage.
You miss something. Something hits you!
* * * LOW HITPOINT WARNING * * *
You miss something.
You hear some strange, mumbled words.
A magic dart appears from out of thin air!
The magic dart hits you.
* * * LOW HITPOINT WARNING * * *
You're too confused to move!
You hear some strange, mumbled words.
A puff of flame appears from out of thin air!
The puff of flame misses you.
You're too confused to move!
You feel less confused. Something hits you.
* * * LOW HITPOINT WARNING * * *
You slice something!! Your headbutt misses something.
It was a potion of curing.
You feel better. Something hits you!
* * * LOW HITPOINT WARNING * * *
You closely miss something. Your headbutt misses something. Something hits you.
You die...

#$.#..#.# #)......#
# .......# #.
......# #.. r....#
#.## ...# # #..###
###{.#
######...######.@.#
......##........###
#####........#### #
##########


There were no monsters in sight!

Vanquished Creatures
  An orc priest (D:3)
  2 orc wizards (D:3)
  2 adders (D:2)
  A worm (D:2)
  3 dart slugs
  2 orcs (D:3)
  3 bats
  6 endoplasms
  4 giant cockroaches
  7 goblins
  3 hobgoblins
  3 quokkas
  4 ball pythons
  2 frilled lizards
  5 kobolds
  7 rats
55 creatures vanquished.

Vanquished Creatures (others)
  5 plants (D:1)
5 creatures vanquished.

Grand Total: 60 creatures vanquished

Notes
Turn   | Place    | Note
-------+----------+-------------------------------------------
     0 | D:1      | nightchill the Minotaur Fighter began the quest for the
                  | Orb.
     0 | D:1      | Reached XP level 1. HP: 19/19 MP: 0/0
    53 | D:1      | Found Sieneeno's Jewellery Boutique.
   182 | D:1      | Reached skill level 3 in Axes
   186 | D:1      | Reached XP level 2. HP: 22/27 MP: 1/1
   711 | D:1      | Reached XP level 3. HP: 32/33 MP: 2/2
   905 | D:2      | Reached skill level 4 in Axes
  1369 | D:2      | Reached XP level 4. HP: 41/41 MP: 3/3
  1619 | D:3      | Reached skill level 5 in Axes
  1866 | D:3      | Reached XP level 5. HP: 45/47 MP: 4/4
  1976 | D:3      | Noticed Sigmund
  1998 | D:3      | Slain by Sigmund

Illustrated notes

Levels and vault maps discovered:
D:1:      ncdulo_smallfort, layout_rooms, serial_shops,
          nicolae_shop_advertising_works [nicolae_subvault_shop_adworks],
          serial_forest, infiniplex_forest_corner_1, infiniplex_forest_corner_2,
          infiniplex_forest_end_3, infiniplex_forest_lined_4_way,
          infiniplex_forest_clump_curved, infiniplex_forest_end_1,
          chequers_serial_rivers_micro_d, minmay_misc_feat_plants
D:2:      layout_basic
D:3:      layout_basic, minmay_randomly_rotated_circles, uniq_sigmund

Skill      XL: |  1  2  3  4 |
---------------+-------------+-----
Axes           | 3 4 5 |  5.4
Fighting       | 4 |  4.9
Armour         | |  3.6
Shields        | |  3.6

Action                   |  1- 3 |  4- 6 || total
-------------------------+-------+-------++-------
Melee: War axe           |    83 |    61 ||   144
       Headbutt          |    11 |     5 ||    16
  Use: Potion            |       |     3 ||     3
Armor: Scale mail        |    44 |    50 ||    94
Dodge: Dodged            |    42 |    16 ||    58
Block: Buckler           |     6 |     5 ||    11
